[Event "*** SCC Grand Prix: Titled Tuesday Blitz"]
[Site "Chess.com"]
[Date "2020.10.13"]
[Round "3"]
[White "wonderfultime"]
[Black "Revnov"]
[Result "1/2-1/2"]
[WhiteElo "2919"]
[BlackElo "2705"]
[TimeControl "180+1"]
[EndTime "10:30:26 PDT"]
[Termination "Game drawn - insufficient material"]

1. d4 d5 2. Nf3 e6 3. Bf4 Bd6 4. e3 Nf6 5. Nbd2 b6 6. c3 Bb7 7. Bd3 Nbd7 8. O-O Qe7 9. Ne5 Bxe5 10. Bxe5 Nxe5 11. dxe5 Nd7 12. f4 Nc5 13. Bc2 a5 14. Rf3 f6 15. Rh3 O-O-O 16. Qg4 Ne4 17. Rd1 f5 18. Qh4 g5 19. Qh6 g4 20. Rh5 Rdg8 21. Nxe4 fxe4 22. Rd4 Ba6 23. Bd1 Kb7 24. g3 Bd3 25. Qf6 Qxf6 26. exf6 c5 27. Ra4 Ka6 28.
Re5 h5 29. Rxe6 Re8 30. f5 Rhf8 31. f7 Rb8 32. b4 Rxf7 33. f6 Rbf8 34. bxa5 Rxf6 35.
axb6+ Kb5 36. Rxf6 Rxf6 37. b7 Rb6 38. Ra7 Kc6 39.
Bb3 c4 40. Ba4+ Kc7 41. Kf2 Rb2+ 42. Ke1 Kb8 43. Ra5 Kxb7 44. Rxd5 Rxh2 45. Be8 h4 46. gxh4 Re2+ 47. Kd1 Rxe3 48. Rg5 g3 49. Bh5 Bf1 50.
Kd2 Rd3+ 51. Ke1 g2 52. Bg6 Kb6 53. h5 Re3+ 54. Kf2 Rh3 55. Bxe4 Rh2 56. Bxg2 Bxg2 57.
Rxg2 Rxh5 58. Ke3 Kb5 59. Rf2 Ka4 60. Kd4 Kb5 61. Rb2+ Ka4 62. Rb4+ Ka3 63. Rxc4 Kxa2 64. Rc8 Kb3 65. Rb8+ Kc2 66. c4 Rh4+ 67. Kc5 Kc3 68. Kd5 Rh5+ 69. Ke6 Rh6+ 70. Kd5 Rh5+ 71. Ke4 Kxc4 72.
Rc8+ Rc5 73. Rxc5+ Kxc5 1/2-1/2

[Event "*** SCC Grand Prix: Titled Tuesday Blitz"]
[Site "Chess.com"]
[Date "2020.10.13"]
[Round "3"]
[White "Politov_Pavel"]
[Black "ThePatrick27"]
[Result "0-1"]
[WhiteElo "2261"]
[BlackElo "2520"]
[TimeControl "180+1"]
[EndTime "10:30:28 PDT"]
[Termination "ThePatrick27 won by resignation"]

1. d4 Nf6 2. c4 e6 3. Nc3 Bb4 4. f3 O-O 5. e4 c5 6. d5 b5 7.
Bg5 d6 8. Ne2 bxc4 9. a3 Ba5 10.
Nf4 h6 11. Bxf6 Qxf6 12. Qd2 e5 13. Nh5 Qg6 14. g4 Ba6 15. Ng3 Nd7 16. b4 cxb4 17.
axb4 Bxb4 18. Rxa6 Nc5 19. Ra2 Nb3 20. Qe3 Nd4 21. Kf2 Bc5 22. Na4 Nc2 23. Rxc2 Bxe3+ 24. Kxe3 Qg5+ 25. Kf2 Rfc8 26. Bxc4 Rab8 27. h4 Qd8 28. Rhc1 Qxh4 29. Kg2 g6 30. Ba6 Rxc2+ 31. Rxc2 Qd8 32. Nc3 Qa5 33. Bf1 Rc8 34. Nge2 Kg7 35. Ra2 Qb6 36. Na4 Qe3 37. Nec3 Rxc3 38. Nxc3 Qxc3 39. Rxa7 Qd2+ 40.
Kg3 Qe1+ 41. Kg2 Qd2+ 42. Kg3 h5 43. gxh5 gxh5 44. Rd7 Qe1+ 45. Kg2 Qd2+ 46. Kg3 Qf4+ 47. Kf2 Qh4+ 48. Ke2 Qh2+ 49. Ke3 Qf4+ 50. Kf2 Qf6 51. Bh3 h4 52. Bf5 Qh6 53. Be6 Qd2+ 54. Kf1 Qd1+ 55. Kf2 Qd2+ 56. Kf1 Kh6 57. Rxf7 Qd3+ 58. Kf2 Qd2+ 59.
Kf1 h3 60. Rf6+ Kg5 61. Rf5+ Kh4 62. Rf7 Kg3 63. Rg7+ Kh2 64. Rh7 Qg2+ 65. Ke1 Qxf3 66. Rxh3+ Qxh3 67. Bxh3 Kxh3 68. Ke2 Kg3 69. Kd3 Kf3 70.
Kc4 Kxe4 71. Kb5 Kxd5 0-1

[Event "*** SCC Grand Prix: Titled Tuesday Blitz"]
[Site "Chess.com"]
[Date "2020.10.13"]
[Round "3"]
[White "FMJoseHerrera"]
[Black "CM_rui"]
[Result "1-0"]
[WhiteElo "2566"]
[BlackElo "2364"]
[TimeControl "180+1"]
[EndTime "10:30:33 PDT"]
[Termination "FMJoseHerrera won by checkmate"]

1. Nf3 Nf6 2. g3 e6 3. Bg2 c5 4. O-O Nc6 5. d3 d5 6. c3 Be7 7. a3 O-O 8. b4 b6 9. Nbd2 Re8 10. Bb2 Bb7 11. Qb3 Qc7 12. Rfe1 e5 13. e4 d4 14.
cxd4 cxd4 15. Rac1 b5 16. a4 a6 17. Ba3 h6 18. Nh4 Qd7 19. Nf5 Bf8 20. a5 Kh7 21.
Rc2 g6 22. Nh4 Rac8 23. Rec1 Qe7 24. Bh3 Rc7 25. Ndf3 Kg7 26. Nd2 Ba8 27. Nhf3 Nd7 28. Bg2 Rec8 29. h4 Nf6 30. Bh3 Nd7 31. Nf1 Qd6 32. h5 g5 33. N3d2 Be7 34. Bf5 Rd8 35.
Nh2 Nf6 36. f4 exf4 37. gxf4 Qxf4 38. Ndf3 Nxh5 39. Rg2 Bd6 40. Rf1 Qe3+ 41. Rff2 Bg3 42. Nf1 Bxf2+ 43. Rxf2 Qf4 44. Bb2 Qd6 45. N3h2 Qxb4 46.
Qa2 Qd6 47. Ng4 Nf4 48. Qb1 Ne5 49. Nxe5 Qxe5 50. Nh2 Rd6 51. Nf3 Qc5 52. e5 Rd5 53. Be4 Rxe5 54. Bxa8 Re3 55. Bxd4+ Qxd4 56. Nxd4 Nh3+ 57.
Kg2 Nxf2 58. Kxf2 Rh3 59. Be4 Re7 60. Nf5+ Kf6 61. Nxe7 Kxe7 62. Qb4+ Kf6 63. Qd6+ Kg7 64. Qxa6 Rh2+ 65. Ke3 b4 66. Qb5 b3 67. Qxb3 Rh3+ 68. Kd4 f5 69. Bxf5 Kf6 70. Be4 Rh4 71. Qb6+ Ke7 72.
Qg6 g4 73. a6 g3 74. a7 g2 75. a8=Q g1=Q+ 76. Qxg1 Kd6 77. Qa6+ Kc7 78. Qg7+ Kb8 79. Qab7# 1-0

[Event "*** SCC Grand Prix: Titled Tuesday Blitz"]
[Site "Chess.com"]
[Date "2020.10.13"]
[Round "3"]
[White "GMSrinath"]
[Black "ChainsOfFantasia"]
[Result "1-0"]
[WhiteElo "2821"]
[BlackElo "2456"]
[TimeControl "180+1"]
[EndTime "10:30:40 PDT"]
[Termination "GMSrinath won on time"]

1. Nf3 Nf6 2. c4 e6 3. Nc3 d5 4.
e3 Be7 5. b3 O-O 6. Bb2 c5 7.
cxd5 exd5 8. d4 cxd4 9. Nxd4 Nc6 10. Be2 Bc5 11. Nxc6 bxc6 12. O-O Bd6 13. Bf3 Qe7 14. g3 Bh3 15. Re1 Rfd8 16. Qc2 Rac8 17. Rad1 Be5 18.
Ne2 c5 19. Nf4 Bxb2 20. Qxb2 Be6 21. Qe5 Qd6 22. Qxd6 Rxd6 23. e4 Ra6 24. exd5 Bd7 25. Rd2 c4 26. bxc4 Rxc4 27. Be2 Re4 28. Rb1 Rb6 29.
Rc1 g5 30. Ng2 Kg7 31. Ne3 h5 32. Kg2 h4 33. h3 hxg3 34. Kxg3 Reb4 35. Rcc2 Ne4+ 36.
Kg2 Nxd2 37. Rxd2 Rb2 38. Rxb2 Rxb2 39. Bc4 a5 40. Kg3 Kf6 41. d6 a4 42. Bd5 Rd2 43.
Kg2 Rd4 44. Kg3 Ke5 45. Bxf7 Rxd6 46. Nc4+ Kf6 47. Nxd6 Ke7 48. Ne4 Kxf7 49. Nxg5+ Kf6 50. Ne4+ Ke5 51. Nc5 Be8 52. h4 Kd4 53. Nxa4 Bxa4 54.
Kg4 Ke5 55. Kg5 Ke6 56. Kg6 Be8+ 57. Kg5 Ke5 58. h5 Ke6 59. h6 Kf7 60. f4 Kg8 61. Kf6 Kh7 62. Ke7 Bg6 63. a4 Kxh6 64. a5 Kh5 65.
Kf6 Be4 66. a6 Kg4 67. Ke5 Ba8 68. f5 Kg5 69. f6 Kg6 70. Ke6 Bc6 71. f7 Kg7 72.
Ke7 1-0

[Event "*** SCC Grand Prix: Titled Tuesday Blitz"]
[Site "Chess.com"]
[Date "2020.10.13"]
[Round "3"]
[White "Caterpiller35"]
[Black "Chessalary"]
[Result "0-1"]
[WhiteElo "2453"]
[BlackElo "2283"]
[TimeControl "180+1"]
[EndTime "10:30:40 PDT"]
[Termination "Chessalary won by resignation"]

1. d4 Nf6 2. Bg5 d5 3. e3 e6 4. Nd2 Be7 5. f4 h6 6. Bxf6 Bxf6 7. Ngf3 c5 8. c3 Nc6 9. Bd3 Be7 10. Ne5 Nxe5 11.
fxe5 Qb6 12. Rb1 Bd7 13. Qh5 g6 14. Qf3 Rf8 15. O-O O-O-O 16. c4 cxd4 17. cxd5 dxe3 18. Nc4 Qd4 19. Rfc1 Kb8 20. Qxe3 Qxe3+ 21. Nxe3 Bg5 22. Re1 Bxe3+ 23. Rxe3 exd5 24. Rf1 Be6 25. h4 d4 26.
Ref3 Rfe8 27. h5 gxh5 28. a3 Bd5 29. Rf5 Rg8 30. R1f2 Rg5 31. Rf6 Rxe5 32. Rxh6 Re3 33. Be2 d3 34. Bxh5 Rg8 35. Rd6 Re1+ 36. Kh2 Be4 37.
Bxf7 Rh8+ 38. Kg3 Rh7 39. Bc4 Rg7+ 40. Kf4 Kc7 41. Rd4 Bh7 42. Bxd3 Rf7+ 43. Kg3 Re3+ 44. Kh2 Rxf2 45. Bxh7 Rxb2 46. Be4 Ree2 47. Bf3 Red2 48.
Rc4+ Kd6 49. Kg3 b5 50. Rh4 a5 51. Rh6+ Kc5 52. Rh5+ Kc4 53. Kf4 b4 54. axb4 axb4 55.
g4 b3 56. g5 Rd4+ 57. Ke5 Rf2 58. Bc6 Re2+ 59. Kf5 b2 60. Rh1 Kc5 61. Ba4 Rxa4 62. g6 Ra1 63. g7 Rg2 64. g8=Q Rxg8 0-1

[Event "*** SCC Grand Prix: Titled Tuesday Blitz"]
[Site "Chess.com"]
[Date "2020.10.13"]
[Round "3"]
[White "JoliyRoger"]
[Black "A-S-00"]
[Result "0-1"]
[WhiteElo "2445"]
[BlackElo "2259"]
[TimeControl "180+1"]
[EndTime "10:30:44 PDT"]
[Termination "A-S-00 won by checkmate"]

1. Nf3 d5 2. c4 c6 3. e3 Nf6 4. b3 g6 5. Bb2 Bg7 6. d4 O-O 7. Nbd2 Nbd7 8. Bd3 b6 9. O-O Bb7 10.
h3 c5 11. Qe2 Rc8 12. Rad1 Qc7 13. Rfe1 Qb8 14. Ne5 Nxe5 15. dxe5 Ne4 16. cxd5 Nxd2 17.
Rxd2 Bxe5 18. Bxe5 Qxe5 19. Bc4 b5 20. Bxb5 Bxd5 21.
e4 Ba8 22. Qe3 Rcd8 23. f4 Qc7 24. e5 Qb7 25. Bf1 Rd5 26. Rc1 Rfd8 27. Rxd5 Rxd5 28.
Rxc5 Rd1 29. Rc2 Qb5 30. Rf2 Qb7 31. f5 Qd5 32. fxg6 hxg6 33. Qg3 Kg7 34. Kh2 e6 35.
Bc4 Qd4 36. Bf1 Re1 37. Be2 a5 38. Bf3 Bxf3 39. Rxf3 Rxe5 40. Qf4 Qxf4+ 41. Rxf4 Rd5 42. Ra4 Kf6 43. Kg3 g5 44. Kf3 Kf5 45. g3 Kg6 46. h4 f5 47. hxg5 Kxg5 48. Rc4 Rd3+ 49. Kf2 Rd2+ 50.
Kf3 Rxa2 51. Rc6 e5 52. Ra6 e4+ 53. Ke3 Ra3 54. Kd4 Rxb3 55. g4 Kxg4 56. Rxa5 e3 57. Ra2 f4 58. Kc4 Rb7 59. Rg2+ Kf3 60. Rh2 e2 61.
Rh3+ Kf2 62. Rh7 e1=Q 63. Rxb7 Qe2+ 64. Kc5 Qe3+ 65. Kd6 Qd4+ 66. Ke7 Qe4+ 67. Kd8 Qxb7 68. Ke8 Qc6+ 69. Kf8 Qd6+ 70. Kg7 Qe6 71. Kh8 f3 72. Kg7 Kg2 73. Kh8 f2 74. Kg7 f1=Q 75. Kh8 Qff6+ 76.
Kh7 Qg6+ 77. Kh8 Qeg8# 0-1

[Event "*** SCC Grand Prix: Titled Tuesday Blitz"]
[Site "Chess.com"]
[Date "2020.10.13"]
[Round "3"]
[White "pooh2012"]
[Black "Colombiano07"]
[Result "1/2-1/2"]
[WhiteElo "2424"]
[BlackElo "2245"]
[TimeControl "180+1"]
[EndTime "10:30:45 PDT"]
[Termination "Game drawn by repetition"]

1. d4 d5 2. Nc3 e6 3. Bf4 Bd6 4. Qd2 a6 5. g4 b5 6. h4 Nf6 7. f3 Bxf4 8. Qxf4 Qd6 9. Qxd6 cxd6 10. a3 Nc6 11. e3 Bb7 12. Nge2 Nd7 13. O-O-O Nb6 14. b3 O-O-O 15. Nf4 Kb8 16. Kb2 Ka7 17. g5 Rc8 18. h5 Rc7 19. Bd3 Rhc8 20. g6 hxg6 21.
hxg6 Nd8 22. gxf7 Rxf7 23. Rh7 Rfc7 24. Nfe2 e5 25. Bxb5 axb5 26. Nxb5+ Kb8 27. Nxc7 Rxc7 28. Rg1 Ne6 29. Rg6 Bc8 30. f4 exf4 31. Nxf4 Nxf4 32. exf4 Rf7 33. Rxd6 Kc7 34. Rg6 Rxf4 35. Rhxg7+ Nd7 36. Kc3 Rf3+ 37. Kb4 Rf4 38. c3 Rf3 39. Rg5 Bb7 40. a4 Bc6 41. a5 Rf1 42. c4 dxc4 43. d5 Bb7 44. bxc4 Rb1+ 45. Kc3 Rc1+ 46. Kb3 Rb1+ 47.
Kc2 Rb4 48. Kc3 Ra4 49. Kb3 Rxa5 50. d6+ Kb6 51. Rxa5 Kxa5 52. Rxd7 Kb6 53. Rc7 Bc6 54. Kb4 Be8 55. c5+ Ka6 56. Kc3 Kb5 57. Kd4 Bc6 58.
Ke5 Kxc5 59. Kf6 Kxd6 60. Rg7 Bd5 61. Rg5 Kc5 62. Re5 Kd4 63. Rg5 Bc4 64. Ke7 Bd5 65. Kd6 Bc4 66. Rg4+ Kc3 67. Kc5 Bd3 68. Rg3 Kc2 69. Kd4 Bh7 70. Rh3 Bg6 71. Rh6 Bf5 72. Rh2+ Kb1 73. Kc3 Ka1 74. Kb3 Be6+ 75. Kc3 Bf5 76.
Rf2 Bg6 77. Rf6 Be4 78. Rf4 Bg6 79. Rg4 Bf5 80. Rg2 Be4 81. Rf2 Bg6 82. Kb4 Be4 83.
Ka3 Bg6 84. Rf1+ Bb1 85. Rf2 Bd3 86. Kb3 Be4 87. Kc3 Bg6 1/2-1/2

[Event "*** SCC Grand Prix: Titled Tuesday Blitz"]
[Site "Chess.com"]
[Date "2020.10.13"]
[Round "3"]
[White "szachuspl"]
[Black "Zmeeed63"]
[Result "1-0"]
[WhiteElo "2559"]
[BlackElo "2350"]
[TimeControl "180+1"]
[EndTime "10:30:47 PDT"]
[Termination "szachuspl won by resignation"]

1. d4 d5 2. c4 e6 3. Nc3 c6 4. e3 Nf6 5. b3 Bb4 6. Bd2 Nbd7 7. Bd3 O-O 8. Qc2 e5 9. cxd5 cxd5 10.
dxe5 Nxe5 11. Nf3 Nxf3+ 12. gxf3 d4 13. Ne4 Bxd2+ 14. Qxd2 dxe3 15. fxe3 Bf5 16. Nxf6+ Qxf6 17. O-O Rad8 18. e4 Bh3 19. Rfd1 Qg6+ 20. Kf2 Qg2+ 21. Ke3 Qg5+ 22. f4 Qc5+ 23. Kf3 Qh5+ 24. Kf2 Bd7 25. Qe3 Qxh2+ 26. Ke1 Bg4 27. Rd2 Qh1+ 28. Bf1 Rxd2 29. Kxd2 Rd8+ 30. Kc3 Qh6 31. Kb2 Qf6+ 32. e5 Qc6 33. Rc1 Qd5 34. Rc2 h5 35. Bc4 Qd7 36. a4 b6 37. Ka2 h4 38. Rf2 h3 39. Qg3 Bf5 40. Bb5 Qd1 41. Rb2 g6 42. Bc4 Rd2 43. Rxd2 Qxd2+ 44. Ka3 Qd4 45. e6 Qc5+ 46. Kb2 Bxe6 47.
Bxe6 fxe6 48. Qxg6+ Kf8 49. Qh6+ Ke7 50. Qh4+ Kd6 51. Qd8+ Kc6 52. Qc8+ Kd5 53. Qd8+ Ke4 54. Qh4 Qd4+ 55. Ka2 Qd2+ 56. Ka3 Qxf4 57. Qxh3 Qc1+ 58. Ka2 Qd2+ 59. Ka3 Qd6+ 60. Ka2 e5 61. Qh7+ Kd4 62. Qxa7 e4 63. Qg7+ Kd3 64. Qh7 Ke3 65. Qh3+ Kd2 66.
Qg2+ Kc1 67. Qf1+ Kc2 68. Qc4+ Kd1 69. Qxe4 Qd2+ 70. Ka3 Qd6+ 71. Qb4 Qf6 72. Qc4 Qd6+ 73. Qb4 Qf6 74. Qg4+ Kc1 75. Qg1+ Kc2 76. Qh2+ Kc3 77. Qb2+ Kd3 78. Qxf6 1-0

[Event "*** SCC Grand Prix: Titled Tuesday Blitz"]
[Site "Chess.com"]
[Date "2020.10.13"]
[Round "3"]
[White "karenzadita"]
[Black "Mikhail_Golubev"]
[Result "1/2-1/2"]
[WhiteElo "2324"]
[BlackElo "2535"]
[TimeControl "180+1"]
[EndTime "10:30:56 PDT"]
[Termination "Game drawn - insufficient material"]

1. e4 c5 2. c3 d6 3. d4 Nf6 4. Bd3 g6 5. Nf3 Bg7 6. h3 O-O 7. O-O Nfd7 8. Be3 Nc6 9. Qd2 cxd4 10. cxd4 e5 11. d5 Nd4 12. Bxd4 exd4 13. Na3 Nc5 14. Nb5 Qb6 15. Nbxd4 Bd7 16. b3 Rfe8 17.
Rfe1 a5 18. Rab1 Rac8 19. a3 Nxd3 20. Qxd3 Qc5 21. b4 axb4 22. Rxb4 b6 23. Reb1 Ra8 24. R1b3 Qc1+ 25. Kh2 Qf4+ 26. g3 Qxe4 27. Rxb6 Qxd3 28. Rxd3 Reb8 29. Rxd6 Be8 30. Nc6 Rb7 31. Rd8 Rxd8 32. Nxd8 Rb2 33. Nc6 Rxf2+ 34. Kg1 Re2 35. Ne7+ Rxe7 36.
d6 Ra7 37. a4 Bxa4 38. Ra3 Ra6 39. d7 Bf6 40. Ne5 Bb5 41. Rxa6 Bxa6 42. Nc6 Kg7 43. d8=Q Bxd8 44. Nxd8 Bc8 45. Nc6 Bxh3 46. Kh2 Bg4 47. Ne5 h5 48. Nd3 f6 49. Nf4 Kf7 50. Kg2 Kg7 51.
Nd5 Kh6 52. Ne3 Kg5 53. Nd5 Be6 54. Ne7 Bd7 55. Nd5 Be6 56. Ne7 Bg4 57. Kf2 Bf5 58. Kg2 Bb1 59. Kf2 h4 60. gxh4+ Kxh4 61. Nd5 Kg5 62. Ne3 Bf5 63. Nd5 Be6 64. Ne3 Bg8 65. Kg3 f5 66. Ng2 Bf7 67. Nf4 Bc4 68. Ng2 Be6 69. Nf4 Bf7 70. Ng2 Kf6 71. Nf4 g5 72.
Ng2 Ke5 73. Ne1 f4+ 74. Kg4 Kf6 75. Nf3 Be6+ 76. Kh5 Bf7+ 77. Kg4 Be6+ 78. Kh5 Bf5 79. Nxg5 Bc2 80. Kg4 f3 81. Nxf3 1/2-1/2

[Event "*** SCC Grand Prix: Titled Tuesday Blitz"]
[Site "Chess.com"]
[Date "2020.10.13"]
[Round "3"]
[White "Siemba"]
[Black "Leonid_Starozhilov"]
[Result "0-1"]
[WhiteElo "2425"]
[BlackElo "2645"]
[TimeControl "180+1"]
[EndTime "10:30:57 PDT"]
[Termination "Leonid_Starozhilov won by checkmate"]

1. e4 g6 2. d4 Bg7 3. Nc3 d6 4. f4 Nf6 5. Nf3 O-O 6. e5 dxe5 7. dxe5 Qxd1+ 8. Nxd1 Nd5 9. c4 Nb4 10. Ne3 a5 11. a3 N4c6 12. Nd5 Na6 13. Be3 Bg4 14.
Be2 f6 15. exf6 exf6 16. h3 Bf5 17. Kf2 Rfe8 18. Rad1 Ne7 19. Nxe7+ Rxe7 20. Nd4 Bd7 21. Bf3 c6 22. Rhe1 f5 23. g4 Rae8 24. gxf5 gxf5 25. Bh5 Rf8 26. b3 Nc5 27. b4 Ne4+ 28. Kg2 axb4 29. axb4 Be8 30. Bxe8 Rexe8 31. b5 c5 32. Nb3 b6 33. Bc1 Bf6 34. Rd5 Bh4 35. Re2 Re6 36. Bb2 Rg6+ 37. Kh2 Bg3+ 38. Kh1 Bxf4 39. Rg2 Ng3+ 40.
Kg1 Be3+ 41. Kh2 f4 42. Bc1 Nf1+ 43. Kh1 Bxc1 44. Nxc1 Rxg2 45. Kxg2 Ne3+ 46. Kf3 Nxd5 47. cxd5 Rf5 48. d6 Rd5 49. Kxf4 Rxd6 50. Ne2 Re6 51. Ng3 Kf7 52. Nf5 Rf6 53. Ke5 Rxf5+ 54. Kxf5 Ke7 55. Ke5 Kd7 56. Kd5 h6 57. h4 h5 58. Ke5 Ke7 59. Kd5 Kf6 60. Kc6 c4 61. Kxb6 c3 62. Ka7 c2 63. b6 c1=Q 64. b7 Qa3+ 65. Kb8 Kf5 66. Kc8 Qc5+ 67. Kd7 Qd5+ 68. Kc7 Qxb7+ 69. Kd6 Kg4 70.
Ke5 Qf3 71. Kd4 Qf4+ 72. Kd5 Kxh4 73. Ke6 Kg3 74. Kd5 h4 75. Ke6 h3 76. Kd5 h2 77.
Ke6 h1=Q 78. Ke7 Qb7+ 79. Ke6 Qbe4+ 80. Kd7 Qf7+ 81. Kd6 Qfe6+ 82. Kc7 Q4c6+ 83. Kb8 Qee8+ 84. Ka7 Qea8# 0-1

[Event "*** SCC Grand Prix: Titled Tuesday Blitz"]
[Site "Chess.com"]
[Date "2020.10.13"]
[Round "3"]
[White "parintele_chess"]
[Black "Pavalamalli"]
[Result "1/2-1/2"]
[WhiteElo "2134"]
[BlackElo "2299"]
[TimeControl "180+1"]
[EndTime "10:30:59 PDT"]
[Termination "Game drawn by stalemate"]

1. d4 Nf6 2. c4 e6 3. Nc3 Bb4 4. e3 O-O 5. Ne2 d5 6. a3 Bxc3+ 7. Nxc3 b6 8. Bd3 Bb7 9. O-O dxc4 10. Bxc4 Nbd7 11.
f3 c5 12. d5 exd5 13. Nxd5 Nxd5 14. Bxd5 Bxd5 15. Qxd5 Nf6 16. Qb3 Qd5 17. Qxd5 Nxd5 18. e4 Ne7 19. Bg5 Nc6 20. Rad1 f6 21. Be3 Rfd8 22.
Kf2 Kf7 23. Ke2 Na5 24. b4 cxb4 25. axb4 Nc4 26. Rxd8 Rxd8 27. Rc1 b5 28. Ra1 Ke6 29.
Rxa7 Rd7 30. Rxd7 Kxd7 31. Kd3 Kc6 32. Bc5 Ne5+ 33. Kc3 Nc4 34. Bf8 g6 35. Bg7 f5 36.
exf5 gxf5 37. Kd4 h5 38. h4 Kd6 39. Bf8+ Kc6 40. Kd3 Kd5 41. Ke2 Kd4 42. Kf2 Kd3 43. Kg3 Ne3 44. Kf4 Nxg2+ 45. Kxf5 Nxh4+ 46. Kg5 Nxf3+ 47. Kxh5 Kc4 48. Kg4 Ne5+ 49. Kf5 Nd3 50. Ke4 Nxb4 51. Ke3 Kc3 52. Ke2 Nd3 53. Kd1 Kc4 54.
Kd2 Ne5 55. Kc2 Nc6 56. Kb2 Nd4 57. Kc1 Ne6 58. Be7 Kc3 59. Bd6 Nd4 60. Bf8 Nb3+ 61. Kb1 Nd2+ 62. Kc1 Nc4 63. Kb1 Ne5 64. Bg7 Kd4 65.
Kb2 Kd5 66. Bxe5 Kxe5 67. Kb3 Kd5 68. Kb4 Kc6 69. Kc3 Kc5 70. Kb3 b4 71. Kb2 Kc4 72. Kc2 b3+ 73. Kb2 Kb4 74. Kb1 Ka4 75. Kb2 Kb4 76. Kb1 Kb5 77. Kb2 Kc4 78. Kb1 Kc3 79. Kc1 Kd3 80. Kb2 Kc4 81. Kb1 Kc3 82.
Kc1 b2+ 83. Kb1 Kb3 1/2-1/2

[Event "*** SCC Grand Prix: Titled Tuesday Blitz"]
[Site "Chess.com"]
[Date "2020.10.13"]
[Round "3"]
[White "ExcitingTrap"]
[Black "shnitez"]
[Result "1/2-1/2"]
[WhiteElo "2299"]
[BlackElo "2520"]
[TimeControl "180+1"]
[EndTime "10:31:09 PDT"]
[Termination "Game drawn - insufficient material"]

1. e4 c5 2. Nf3 e6 3. g3 Nc6 4. Bg2 Nf6 5. Qe2 d5 6. exd5 Nxd5 7. O-O Be7 8. Rd1 Bf6 9. Nc3 O-O 10. Ne4 Be7 11. d4 cxd4 12. Nxd4 Nxd4 13. Rxd4 Qc7 14. c3 Bd7 15. Bg5 Bxg5 16. Nxg5 Bc6 17. Rad1 Rfd8 18.
Nxe6 Qe7 19. Bxd5 Rxd5 20. Rxd5 Bxd5 21. Rxd5 fxe6 22. Re5 Re8 23. Qe3 a6 24. h4 h6 25.
Qe4 Qf7 26. a4 Rf8 27. Qe3 Re8 28. a5 Kh8 29. b4 Qg6 30. Kg2 Re7 31. Qe4 Qf7 32.
c4 Kg8 33. b5 Kh8 34. bxa6 bxa6 35. c5 Qe8 36. c6 Qc8 37. Rc5 Qc7 38. Qc4 e5 39. Qxa6 e4 40. Qb7 Qxb7 41. cxb7 Rxb7 42. a6 Ra7 43. Ra5 Kg8 44. Kf1 Kf7 45. Ke2 Ke6 46. Ke3 Kd6 47. Kxe4 Kc6 48. f4 g6 49.
g4 Kb6 50. Ra1 Re7+ 51. Kf3 Ka7 52. Ra5 Re1 53. Re5 Rf1+ 54. Kg2 Rxf4 55. Kg3 Ra4 56.
Re6 Ra3+ 57. Kf4 Ra4+ 58. Kf3 h5 59. Rxg6 hxg4+ 60. Rxg4 Ra3+ 61. Kf4 Ra1 62. Kg5 Rh1 63. h5 Kxa6 64. Kg6 Kb6 65. h6 Kc6 66. Kg7 Kc7 67.
h7 Rh4 68. h8=Q Rxg4+ 69. Kf6 Rf4+ 70. Ke5 Rc4 71. Qg7+ Kb6 72. Qd7 Rc5+ 73. Kd4 Rb5 74. Qd6+ Ka5 75. Kc4 Rb6 76. Qc5+ Ka6 77. Qa3+ Kb7 78.
Qe7+ Ka6 79. Qd7 Rb1 80. Qa4+ Kb7 81. Kc5 Rc1+ 82. Kd5 Rb1 83. Qc6+ Ka7 84. Kd6 Rb6 85.
Qxb6+ Kxb6 1/2-1/2

[Event "*** SCC Grand Prix: Titled Tuesday Blitz"]
[Site "Chess.com"]
[Date "2020.10.13"]
[Round "3"]
[White "vanea_03"]
[Black "Beca95"]
[Result "1/2-1/2"]
[WhiteElo "2696"]
[BlackElo "2907"]
[TimeControl "180+1"]
[EndTime "10:31:12 PDT"]
[Termination "Game drawn - insufficient material"]

1. d4 Nf6 2. c4 e6 3. g3 c5 4. Nf3 cxd4 5. Nxd4 Bb4+ 6. Nc3 Ne4 7. Bd2 Bxc3 8.
Bxc3 Nxc3 9. bxc3 O-O 10. Bg2 Na6 11. O-O Nc5 12. Nb5 a6 13. Nd6 Qc7 14. Qd4 Rb8 15. Rfd1 b6 16. Rab1 a5 17. Nb5 Qd8 18. Nd6 f5 19. f4 Ba6 20. Bf3 Qc7 21. e3 Rfd8 22. h3 Rf8 23. Kh2 Qd8 24. Rg1 Qf6 25. g4 fxg4 26. Rxg4 Kh8 27. Bh1 Na4 28. Rbg1 g6 29.
Be4 Nxc3 30. Bxg6 Qxd4 31. exd4 Ne2 32. Re1 Nxf4 33. Be4 Nh5 34. Reg1 Nf6 35. Rh4 Nxe4 36.
Nxe4 Bxc4 37. Ng5 Bd3 38. Rc1 Rbc8 39. Nf7+ Kg7 40. Rxc8 Rxc8 41. Ne5 Rc2+ 42. Kg3 Bf5 43. Nxd7 b5 44. Kf4 Rxa2 45. Ke5 Re2+ 46. Kd6 b4 47. Nc5 Rd2 48. Rf4 Kg6 49. h4 h6 50. Kc6 Ra2 51. Kb5 Ra3 52. Rf2 Bg4 53. Rb2 h5 54.
Nb7 b3 55. Nxa5 Bd1 56. Kb4 Ra2 57. Rb1 Rd2 58. Nxb3 Bxb3 59. Kxb3 Rxd4 60. Rg1+ Kf6 61. Rf1+ Ke5 62. Re1+ Re4 63. Rh1 Kf5 64. Kc3 Kg4 65.
Kd3 Re5 66. Kd4 Re2 67. Kd3 Re5 68. Kd4 Rd5+ 69. Ke4 Ra5 70. Rh2 Kg3 71. Rh1 Ra2 72.
Ke3 e5 73. Ke4 Re2+ 74. Kf5 e4 75. Kg5 e3 76. Kxh5 Rg2 77. Kh6 Kf2 78. h5 e2 79.
Rb1 Rg1 80. Rb2 Kf3 81. Rxe2 Kxe2 82. Kh7 Kf3 83. h6 Kf4 84. Kh8 Kf5 85. h7 Ra1 86. Kg8 Ra8+ 87. Kg7 Ra7+ 88. Kh6 Ra8 89. Kg7 Ra7+ 90.
Kh6 Rxh7+ 91. Kxh7 1/2-1/2

[Event "*** SCC Grand Prix: Titled Tuesday Blitz"]
[Site "Chess.com"]
[Date "2020.10.13"]
[Round "3"]
[White "NMZanette"]
[Black "lider34"]
[Result "1-0"]
[WhiteElo "2235"]
[BlackElo "2369"]
[TimeControl "180+1"]
[EndTime "10:31:12 PDT"]
[Termination "NMZanette won on time"]

1. e4 c6 2. Nc3 d5 3. Nf3 dxe4 4. Nxe4 Nf6 5. Qe2 Nxe4 6. Qxe4 Qa5 7. Bd3 Nd7 8. b4 Qb6 9. O-O Nf6 10. Qh4 e6 11.
a3 Be7 12. Bb2 c5 13. Rab1 cxb4 14. axb4 Bd7 15. Bd4 Qc7 16. Be5 Qd8 17. Qh3 Bc6 18. Nd4 Qd5 19. Nxc6 bxc6 20. f4 h6 21. b5 O-O 22.
bxc6 Qxc6 23. Kh1 Qd5 24. Bc3 Rab8 25. Ra1 Rb7 26. Qe3 Bc5 27. Qe2 Bd4 28. Bc4 Qd7 29. Bxd4 Qxd4 30. c3 Qd7 31. d4 Rc7 32. Bb5 Qd5 33.
Rac1 Rfc8 34. Rf3 Ne4 35. c4 Qxd4 36. Rd1 Nc3 37. Rxd4 Nxe2 38. Re4 Rd8 39. h4 Rd1+ 40. Kh2 Nc1 41. Rc3 a5 42. c5 g6 43. Rec4 Kg7 44. Rxc1 Rxc1 45. Rxc1 Kf6 46. c6 g5 47. hxg5+ hxg5 48.
Kg3 gxf4+ 49. Kxf4 e5+ 50. Ke4 Ke6 51. Bc4+ Kd6 52. Bd5 f5+ 53. Kxf5 Kxd5 54. g4 e4 55. g5 e3 56. g6 e2 57. Kf6 Kd4 58. g7 Rc8 59. c7 Kd3 60. Kf7 Kd2 61. Ra1 e1=Q 62. Rxe1 Kxe1 63. g8=Q Rxc7+ 64. Ke6 Rc1 65. Qg3+ Kd2 66.
Qf4+ Kc2 67. Qc7+ Kb2 68. Qxa5 Rc3 69. Kd5 Ra3 70. Qb4+ Rb3 71. Qd4+ Ka3 72. Qa7+ Kb2 73. Kc4 Ra3 74. Qb6+ Ka2 75. Qf2+ Ka1 76. Kb4 Rd3 77.
Qe1+ Kb2 78. Qe2+ Kc1 79. Qxd3 Kb2 80. Qb3+ Kc1 81. Qa3+ Kc2 82. Kc4 Kb1 83. Qg3 1-0

[Event "*** SCC Grand Prix: Titled Tuesday Blitz"]
[Site "Chess.com"]
[Date "2020.10.13"]
[Round "3"]
[White "vovachesss"]
[Black "amintabatabaei"]
[Result "0-1"]
[WhiteElo "2674"]
[BlackElo "2906"]
[TimeControl "180+1"]
[EndTime "10:31:27 PDT"]
[Termination "amintabatabaei won on time"]

1. Nf3 d5 2. c4 d4 3. e3 Nc6 4. b4 dxe3 5. fxe3 Nxb4 6. d4 c5 7.
a3 Na6 8. Be2 Nf6 9. O-O g6 10.
Qa4+ Bd7 11. Qb3 Rb8 12. Nc3 Bg7 13. d5 O-O 14. Rb1 Nc7 15. a4 Na6 16. e4 Nb4 17.
Bf4 Rc8 18. h3 Nh5 19. Bh2 e6 20. e5 Bh6 21. Ne4 exd5 22. cxd5 Bf5 23. Nd6 Bxb1 24. Rxb1 Rc7 25. Qc4 Ng7 26. Rd1 Ne8 27. Ne4 Kh8 28.
Bg3 f5 29. Bh4 Qc8 30. Nf6 Nxf6 31. Bxf6+ Bg7 32. d6 Rcf7 33. Ng5 Rxf6 34. exf6 Bxf6 35. Ne6 Rg8 36. d7 Qc6 37. d8=Q Bxd8 38. Nxd8 Qf6 39.
Nf7+ Kg7 40. Nd6 b6 41. a5 Nc6 42. Qd5 Nd4 43. Bc4 Rf8 44. Nb5 Rd8 45. Qb7+ Kh6 46. Nxd4 Rxd4 47. Rc1 Rd2 48. Qf3 Qd4+ 49. Kh1 bxa5 50.
Bb5 Rf2 51. Qg3 Qf4 52. Qxf4+ Rxf4 53. Rxc5 a4 54. Rc7 Rb4 55. Bd7 a6 56. Ra7 Rd4 57. Bc6 a3 58. Rxa6 Rd6 59. Kh2 a2 60. Rxa2 Rxc6 61.
Ra7 Rf6 62. Ra2 Kg7 63. Rb2 Rf7 64. Rc2 Rb7 65. Rd2 Ra7 66. Rc2 Re7 67. Rb2 Kf6 68.
Ra2 Kg5 69. Rb2 f4 70. Rc2 Re5 71. Rd2 Kh4 72. Rd4 Kg5 73. Rd2 Ra5 74. Rc2 h6 75.
Rb2 Kh5 76. Rc2 g5 77. Rb2 Kh4 78. Rb6 h5 79. Rb4 Ra2 80. Rb8 f3 81. Rb4+ g4 82. hxg4 Rxg2+ 83. Kh1 hxg4 84. Rb8 Ra2 85. Rb1 Kh3 86.
Rf1 Rh2+ 87. Kg1 f2+ 88. Rxf2 Rxf2 89. Kxf2 Kh2 90. Ke2 g3 0-1